 Dungeon Crawl Stone Soup version 0.28.0-53-g5a82cb258f (webtiles) character file.

Game seed: 16278423037774178596

52 bnorton916 the Magician (level 3, -2/19 HPs)
             Began as a Deep Elf Fire Elementalist on July 5, 2022.
             Slain by Jessica
             ... wielding a +0 dagger
              (4 damage)
             ... on level 2 of the Dungeon.
             The game lasted 00:00:53 (1446 turns).

bnorton916 the Magician (DEFE)                      Turns: 1446, Time: 00:00:53

Health: -2/19      AC:  3    Str:  5    XL:     3   Next: 60%
Magic:  8/10       EV: 12    Int: 21    God:
Gold:   24         SH:  0    Dex: 15    Spells: 4/10 levels left

rFire   . . .      SeeInvis .   (no weapon)
rCold   . . .      Faith    .   (no shield)
rNeg    . . .      Spirit   .   a - +0 robe
rPois   .          Reflect  .   (no helmet)
rElec   .          Harm     .   d - +0 cloak
rCorr   .          Rampage  .   (no gloves)
Will    .....                   (no boots)
Stlth   ++........              (no amulet)
HPRegen 0.06/turn               (no ring)
MPRegen 0.12/turn               (no ring)

@: no status effects
A: no striking features
a: no special abilities


You were on level 2 of the Dungeon.
You visited 1 branch of the dungeon, and saw 2 of its levels.

You collected 24 gold pieces.

Inventory:

Armour
 a - a +0 robe (worn)
 d - a +0 cloak (worn)
Scrolls
 b - a scroll of noise {unknown}
 g - a scroll of teleportation {unknown}
 h - a scroll of amnesia {unknown}
Potions
 c - a potion of flight {unknown}
 e - 2 potions of curing {unknown}
 f - a potion of brilliance {unknown}


   Skills:
 - Level 2.4 Dodging
 - Level 2.4 Stealth
 + Level 4.0 Spellcasting
 + Level 2.3 Conjurations
 + Level 4.0 Fire Magic


You had 4 spell levels left.
You knew the following spells:

 Your Spells              Type           Power      Damage    Failure   Level
a - Foxfire               Conj/Fire      68%        2x1d7     3%          1
b - Scorch                Fire           42%        2d7       3%          2
c - Conjure Flame         Conj/Fire      17%        6-21      10%         3

Your spell library contained the following spells:

 Spells                   Type           Power      Damage    Failure   Level
 Inner Flame              Hex/Fire       12%        N/A       16%         3
 Flame Wave               Conj/Fire      17%        2d6       32%         4


Dungeon Overview and Level Annotations

Branches:
Dungeon (2/15)

Altars:

Annotations:
D:2 Jessica, Robin


Message History

The goblin shouts!
You hit the goblin but do no damage. The goblin hits you with a +0 dagger.
A hobgoblin comes into view.
Jessica mumbles something strange.
Jessica gestures wildly while chanting.
Jessica blinks!
The goblin hits you with a +0 dagger.
* * * LOW HITPOINT WARNING * * *
Things that are here:
a +0 club; a goblin corpse The goblin closely misses you.
The goblin no longer looks unusually strong.
Jessica casts a spell.
Jessica blinks!
Jessica drinks a potion.
Jessica is healed!
Robin says, "A pitiful Elf like you will never find the ORB!"
You see here the felid corpse of Natasha.
Robin roars a battlecry!
The goblin goes into a battle-frenzy!
Jessica gestures wildly while chanting.
Jessica seems to speed up.
The hobgoblin no longer looks unusually strong. x2
Robin roars a battlecry!
The hobgoblins go into a battle-frenzy!
Jessica gestures wildly while chanting.
Jessica blinks!
Robin says, "Feeling lonely?"
Robin roars a battlecry!
Jessica gestures wildly while chanting.
Jessica blinks!
Jessica casts a spell at you. Pain shoots through your body!
* * * LOW HITPOINT WARNING * * *
Jessica mumbles some strange words.
Jessica blinks!
Jessica gestures at you while chanting.
You barely resist. Jessica hits you with a +0 dagger.
* * * LOW HITPOINT WARNING * * *
Jessica hits you with a +0 dagger.
You die...

#....#.# #....#.#
#......#
#...##.###############
#.....g..g...ggr.)....
#...##.#######........
#...##.# ..# #.#######
##..g##.###.###.#
#.....@.......#.#
#.#..@....#.#.#.#
...#.....#)#.#.#.#
.... #######)#.#.#.#
.... ........#...#.#
... ##.......####.#
#............#
#.......######
#.......#


You could see Jessica (fast), a hobgoblin (strong) and a goblin (strong).

Vanquished Creatures
  Natasha (D:2)
  A worm (D:2)
  3 ball pythons (D:1)
  2 endoplasms (D:1)
  10 goblins
  A hobgoblin (D:2)
  A quokka (D:1)
  3 bats
  A frilled lizard (D:1)
  A kobold (D:2)
24 creatures vanquished.

Vanquished Creatures (others)
  103 foxfires
103 creatures vanquished.

Grand Total: 127 creatures vanquished

Notes
Turn   | Place    | Note
-------+----------+-------------------------------------------
     0 | D:1      | bnorton916 the Deep Elf Fire Elementalist began the quest
                  | for the Orb.
     0 | D:1      | Reached XP level 1. HP: 10/10 MP: 6/6
   532 | D:1      | Reached XP level 2. HP: 15/15 MP: 5/8
  1341 | D:2      | Noticed Natasha
  1348 | D:2      | Killed Natasha
  1349 | D:2      | Reached XP level 3. HP: 15/19 MP: 5/10
  1352 | D:2      | Learned a level 2 spell: Scorch
  1356 | D:2      | Learned a level 3 spell: Conjure Flame
  1416 | D:2      | Noticed Robin
  1417 | D:2      | Noticed Jessica
  1446 | D:2      | Slain by Jessica

Illustrated notes

Levels and vault maps discovered:
D:1:      arrival_zaba_pyramid, layout_basic
D:2:      layout_basic, hellmonk_ecumenical_altar_heavens_door, feat_on_display,
          uniq_natasha, uniq_robin, uniq_jessica

Skill      XL: |  1  2  3 |
---------------+----------+-----
Conjurations   | 2 |  2.3
Spellcasting   | 4 |  4.0
Fire Magic     | 4 |  4.0
Dodging        | |  2.4
Stealth        | |  2.4

Action                   || total
-------------------------++-------
Melee: Unarmed           ||     2
 Cast: Foxfire           ||    61
Armor: Robe              ||     1
Dodge: Dodged            ||     9
